 Dungeon Crawl Stone Soup version 0.21.1-1-g345015f (webtiles) character file.

14 tidbits the Skirmisher (level 2, 15/29 HPs)
             Began as a Gnoll Wanderer on Mar 29, 2018.
             Quit the game on level 1 of the Dungeon.
             The game lasted 00:02:17 (298 turns).

tidbits the Skirmisher (Gnoll Wanderer)              Turns: 298, Time: 00:02:18

Health: 15/29      AC:  2    Str: 14    XL:     2   Next: 41%
Magic:  2/2        EV: 10    Int: 14    God:
Gold:   12         SH:  8    Dex: 14    Spells: 1/1 levels left

rFire    . . .     SeeInvis .   e - +0 club
rCold    . . .     Gourm    .   a - +0 shield
rNeg     . . .     Faith    .   d - +0 robe
rPois    .         Spirit   .   (no helmet)
rElec    .         Reflect  .   (no cloak)
rCorr    .         Harm     .   (no gloves)
MR       .....                  (no boots)
Stlth    +++.......             (no amulet)
HPRegen  0.09/turn              k - ring of flight
MPRegen  0.08/turn              (no ring)

@: no status effects
A: distributed training, fangs 1, strong nose
a: Evoke Flight


You were on level 1 of the Dungeon.
You were not hungry.

You visited 1 branch of the dungeon, and saw 1 of its levels.

You collected 12 gold pieces.

Inventory:

Hand Weapons
 e - a +0 club (weapon)
 f - a +0 dagger
Armour
 a - a +0 shield (worn)
 d - a +0 robe (worn)
Jewellery
 k - a ring of flight (left hand)
   (You found it on level 1 of the Dungeon)
Scrolls
 b - 2 scrolls of teleportation
 h - 2 scrolls of identify {unknown}
 j - a scroll of remove curse
Potions
 c - a potion of curing
 i - a potion of flight {unknown}
Comestibles
 g - a ration


   Skills:
 + Level 6.5 Fighting
 + Level 0.4 Short Blades
 + Level 0.4 Long Blades
 + Level 0.4 Axes
 + Level 0.4 Maces & Flails
 + Level 0.4 Polearms
 + Level 4.5 Staves
 + Level 0.4 Slings
 + Level 0.4 Bows
 + Level 0.4 Crossbows
 + Level 0.4 Throwing
 + Level 0.4 Armour
 + Level 2.5 Dodging
 + Level 5.9 Stealth
 + Level 2.5 Shields
 + Level 0.4 Unarmed Combat
 + Level 0.4 Spellcasting
 + Level 0.2 Conjurations
 + Level 0.2 Hexes
 + Level 0.2 Charms
 + Level 0.2 Summonings
 + Level 0.2 Necromancy
 + Level 0.2 Translocations
 + Level 0.2 Transmutations
 + Level 0.2 Fire Magic
 + Level 0.2 Ice Magic
 + Level 0.2 Air Magic
 + Level 0.2 Earth Magic
 + Level 0.2 Poison Magic
 + Level 0.5 Invocations
 + Level 0.4 Evocations


You had one spell level left.
You didn't know any spells.

Dungeon Overview and Level Annotations

Branches:
Dungeon (1/15)

Altars:


Innate Abilities, Weirdness & Mutations

Your experience applies equally to all skills.
You have very sharp teeth.
Your uncanny sense of smell can sniff out nearby items.


Message History

The giant cockroach bites you but does no damage.
The giant cockroach barely misses you.
You hit the giant cockroach but do no damage.
You bite the giant cockroach, but do no damage.
The giant cockroach is heavily wounded.
The giant cockroach bites you.
You hit the giant cockroach.
The giant cockroach is almost dead.
The giant cockroach waves its antennae.
You block the giant cockroach's attack.
The giant cockroach bites you but does no damage.
You hit the giant cockroach but do no damage.
You kill the giant cockroach!
You block the goblin's attack.
You barely miss the goblin. The goblin barely misses you.
You hit the goblin.
The goblin is severely wounded.
The goblin hits you with a dagger.
* * * LOW HITPOINT WARNING * * *
The goblin barely misses you.
You closely miss the goblin.
The goblin is severely wounded.
You block the goblin's attack.
You hit the goblin.
You kill the goblin!
You have reached level 2!
You hit the frilled lizard.
You kill the frilled lizard!
Things that are here:
a dagger; a frilled lizard corpse; a giant cockroach corpse A kobold comes into view.
It is wielding a whip.
The kobold shouts!
You hit the kobold.
You kill the kobold!
A rat comes into view.
Things that are here:
a whip; a stone; a kobold corpse You barely miss the rat.
You block the rat's attack. The rat closely misses you.
You closely miss the rat. The rat bites you.
You hit the rat.
The rat is heavily wounded.
The rat bites you. x2
* * * LOW HITPOINT WARNING * * *
You hit the rat.
You kill the rat!
A rat comes into view.
You barely miss the rat. You block the rat's attack. x2
You hit the rat.
You kill the rat!
A giant cockroach comes into view.
Found 19 stones.
You block the giant cockroach's attack.
You hit the giant cockroach.
The giant cockroach is heavily wounded.
The giant cockroach closely misses you.
You closely miss the giant cockroach.
The giant cockroach is heavily wounded.
You block the giant cockroach's attack. The giant cockroach misses you.
You hit the giant cockroach but do no damage.
The giant cockroach is heavily wounded.
The giant cockroach bites you but does no damage.
The giant cockroach barely misses you.
You hit the giant cockroach but do no damage.
The giant cockroach is moderately wounded.
You block the giant cockroach's attack.
You hit the giant cockroach.
You kill the giant cockroach!
Found a scroll labeled ASORPHU UDDENISH.
You see here a scroll labeled ASORPHU UDDENISH.
h - 2 scrolls labeled ASORPHU UDDENISH (gained 1)
A kobold comes into view. It is wielding a club.
The kobold shouts!
The kobold hits you with a club.
Found a scroll labeled OPPYMAXZUE.
You barely miss the kobold. You bite the kobold, but do no damage.
The kobold hits you with a club.
You closely miss the kobold. The kobold barely misses you.
Your shield prevents you from hitting the kobold.
Your bite misses the kobold. You block the kobold's attack.
The kobold hits you but does no damage.
You hit the kobold.
The kobold is severely wounded.
You block the kobold's attack.
You closely miss the kobold.
The kobold is severely wounded.
The kobold hits you with a club.
* * * LOW HITPOINT WARNING * * *
You hit the kobold.
You kill the kobold!
You see here a club.
You see here a scroll labeled OPPYMAXZUE.
As you read the scroll labeled OPPYMAXZUE, it crumbles to dust.
You feel blessed for a moment.
It was a scroll of remove curse.
Found a scroll labeled YFOJEU UNUDIK.
You see here a scroll labeled YFOJEU UNUDIK.
As you read the scroll labeled YFOJEU UNUDIK, it crumbles to dust.
The scroll dissolves into smoke.
It was a scroll of fog.
A kobold comes into view. It is wielding a short sword.
Are you sure you want to abandon this character and quit the game? (Confirm with "yes".)

## .##
####################
..###.§§§§§§§..........#
...##.##########@#.###.
..###.####### #.#
............. ..#
..###.####.## ##.# .##
#.# #.# .## #.# #.#
......# .#. .###### K .
.#


You could see a kobold (sleeping).

Vanquished Creatures
  2 giant cockroaches (D:1)
  A goblin (D:1)
  2 hobgoblins (D:1)
  2 kobolds (D:1)
  A bat (D:1)
  3 frilled lizards (D:1)
  2 rats (D:1)
13 creatures vanquished.

Notes
Turn   | Place    | Note
-------+----------+-------------------------------------------
     0 | D:1      | tidbits the Gnoll Wanderer began the quest for the Orb.
     0 | D:1      | tidbits set off with: a +0 shield, a scroll of teleportation, a potion of curing, a +0 robe, a +0 club, a +0 dagger, a ration
     0 | D:1      | Reached XP level 1. HP: 23/23 MP: 1/1
   139 | D:1      | Reached XP level 2. HP: 13/29 MP: 2/2
   298 | D:1      | Quit the game

Action                   || total
-------------------------++-------
Melee: Club              ||    56
       Bite              ||     3
  Use: Scroll            ||     2
Armor: Robe              ||    10
Dodge: Dodged            ||    22
Block: Shield            ||    33

Table legend:
 A = Turns spent in this place as a percentage of turns spent in the entire game.
 B = Non-inter-level travel turns spent in this place as a percentage of non-inter-level travel turns spent in the entire game.
 C = Inter-level travel turns spent in this place as a percentage of turns spent in this place.
 D = Turns resting spent in this place as a percentage of non-inter-level travel turns spent in this place.
 E = Turns spent auto-exploring this place as a percentage of non-inter-level travel turns spent in this place.
 F = Non-inter-level travel turns spent in this place divided by the number of levels of this place that you've seen.
                   A       B       C       D       E      F
               +-------+-------+-------+-------+-------+----------------------
         Total | 100.0 | 100.0 |   0.0 |   0.0 |   0.0 | 298.0
       Dungeon | 100.0 | 100.0 |   0.0 |   0.0 |   0.0 | 298.0
               +-------+-------+-------+-------+-------+----------------------

Table legend:
 A = Kills in this place as a percentage of kills in entire the game.
 B = Kills by you in this place as a percentage of kills by you in the entire game.
 C = Kills by friends in this place as a percentage of kills by friends in the entire game.
 D = Other kills in this place as a percentage of other kills in the entire game.
 E = Experience gained in this place as a percentage of experience gained in the entire game.
 F = Experience gained in this place divided by the number of levels of this place that you have seen.
                   A       B       C       D       E      F
               +-------+-------+-------+-------+-------+----------------------
         Total | 100.0 | 100.0 |   N/A |   N/A | 100.0 |  20.0
       Dungeon | 100.0 | 100.0 |   N/A |   N/A | 100.0 |  20.0
               +-------+-------+-------+-------+-------+----------------------

Vault maps used:
D:1:      elethiomel_arrival_shortcut, st_stairs_11
